 Dungeon Crawl Stone Soup version 0.29.1-15-g9cfb28693d (webtiles) character file.

Game seed: 2475088828509692806

1136 Sanktem7 the Chopper (level 8, 0/66 (71) HPs)
             Began as a Minotaur Fighter on Mar 12, 2023.
             Slain by a wight
             ... wielding a +4 trident
              (7 damage)
             ... on level 6 of the Dungeon.
             The game lasted 00:15:49 (5323 turns).

Sanktem7 the Chopper (Minotaur Fighter)             Turns: 5323, Time: 00:15:51

HP:   0/66 (71)     AC: 15    Str: 22    XL:     8   Next: 14%
MP:   7/7           EV:  6    Int:  5    God:
Gold: 181           SH:  0    Dex: 11    Spells: 7/7 levels left

rFire   . . .      SeeInvis .   E - +1 war axe (venom) {axe}
rCold   . . .      Faith    .   c - +0 buckler
rNeg    + . .      Spirit   .   w - +0 plate armour
rPois   .          Reflect  .   (helmet restricted)
rElec   .          Harm     .   (no cloak)
rCorr   .          Rampage  .   (no gloves)
Will    .....                   x - +1 pair of boots
Stlth   ..........              (no amulet)
HPRegen 0.21/turn               t - ring of positive energy
MPRegen 0.10/turn               (no ring)

@: confused, drained
A: horns 2, retaliatory headbutt
a: no special abilities


You were on level 6 of the Dungeon.
You visited 2 branches of the dungeon, and saw 7 of its levels.

You collected 298 gold pieces.
You spent 117 gold pieces at shops.


Innate Abilities, Weirdness & Mutations

You have a pair of horns on your head.
You reflexively headbutt those who attack you in melee.


   Skills:
 + Level 6.3 Fighting
 * Level 7.6 Axes
 + Level 6.3 Armour
 + Level 6.2 Shields


You had 7 spell levels left.
You didn't know any spells.
Your spell library contained the following spells:

 Spells                   Type           Power      Damage    Failure   Level
 Magic Dart               Conj           0%         1d3       100%        1
 Call Imp                 Summ           0%         N/A       100%        2
 Mephitic Cloud           Conj/Pois/Air  0%         N/A       100%        3

Inventory:

Hand Weapons
 B - the +5 sling of the Brain {venom, rF++ Will- Dex+6}
   (You found it on level 4 of the Dungeon)

   Any ammunition fired from it poisons the flesh of those it strikes.
   Dex:       It affects your dexterity (+6).
   rF:        It greatly protects you from fire.
   Will:      It decreases your willpower.
 E - a +1 war axe of venom (weapon) {axe}
   (You found it on level 4 of the Dungeon)
Missiles
 b - 3 poisoned darts {throwing}
 f - 56 stones (quivered) {throwing}
 n - 4 boomerangs {throwing}
Armour
 c - a +0 buckler (worn)
 w - a +0 plate armour (worn)
   (You found it on level 3 of the Dungeon)
 x - a +1 pair of boots (worn)
   (You bought it in a shop on level 1 of the Dungeon)
Jewellery
 t - a ring of positive energy (left hand)
   (You found it on level 4 of the Dungeon)
Wands
 j - a wand of iceblast (8)
   (You found it on level 3 of the Dungeon)
Scrolls
 a - 2 scrolls of poison {!r}
 e - a scroll of silence {!r}
 l - 2 scrolls of teleportation {@r4}
 m - 3 scrolls of butterflies
 s - a scroll of amnesia
Potions
 d - 4 potions of might
 h - 3 potions of lignification {!q}
 k - a potion of heal wounds {unknown}
 o - a potion of mutation {unknown}
 q - 2 potions of curing {unknown}
 r - 2 potions of attraction {!q}
 z - a potion of degeneration {!q@e2}
 A - a potion of cancellation
 D - a potion of invisibility {unknown}

Dungeon Overview and Level Annotations

Branches:
Dungeon (6/15) Zot: 26917  Temple (1/1) D:4 Zot: 5930

Altars:
Cheibriados
Dithmenos
Elyvilon
Fedhas
Gozag
Kikubaaqudgha
Makhleb
Qazlal
Ru
Sif Muna
Trog
Uskayaw
Vehumet
Wu Jian
Xom
Yredelemnul
The Shining One

Shops:
D:1 * D:2

[ #.. ####.. ......
......### .......
#.....<.##........#
#........##.....(..
......oo.#.........
......o..##.......
....#o..@##....... #
#...z.....## ####
#.....z....## ...#
..............# ##..
#..##.>####...####..#
# ###
#...#.....##.##.###
##..#.............†
##.##........###.†
#..#..#z....## ##.


You could see an orc warrior, 2 wights, an orc priest, an orc wizard and an orc.


Message History

😮 HP[+5] MP[+1]
You now have 70 max hp (+7).
You regained 5 hp, and now have 40/70 hp.
Your mp is fully restored (7).
You see here a sky beast corpse.
A wight comes into view. It is wielding a +4 hand axe.
A wight is nearby!
A shadow imp and a wight come into view. 😮 HP[+1]
You see here an iguana corpse. 😮 HP[+1]
You start resting.
A wight is nearby! 😮 HP[+1] 😮 HP[+1]
A wight comes into view. It is wielding a +4 trident.
The wight hits you but does no damage.
You slash the wight! You headbutt the wight.
You destroy the wight!
You barely miss the wight. You block the wight's attack.
The shadow imp grinds its teeth. 😮 HP[+1]
You hit the wight. You hit the shadow imp.
The shadow imp is poisoned.
The wight hits you with a +2 short sword.
You partially resist.
You feel drained.
The shadow imp hits you but does no damage. 😮 HP[-1]
You now have 69 max hp (-1).
You hit the wight but do no damage. You slash the shadow imp!
You kill the shadow imp! 😮 HP[+1]
You now have 70 max hp (+1).
You barely miss the wight. Your headbutt misses the wight.
The wight hits you from afar with a +4 trident!
You partially resist.
You feel drained.
The wight hits you with a +2 short sword.
* * * LOW HITPOINT WARNING * * *
You partially resist.
You feel drained. The wight barely misses you. 😨 HP[-12]
You now have 68 max hp (-2).
You take 12 damage, and now have 33/68 hp.
You barely miss the wight. The wight hits you but does no damage.
The wight hits you from afar with a +4 trident!
* * * LOW HITPOINT WARNING * * *
You partially resist.
You feel drained. 😨 HP[-7]
You now have 67 max hp (-1).
You take 7 damage, and now have 26/67 hp.
You hit the wight but do no damage. You block the wight's attack.
The wight hits you from afar with a +4 trident.
* * * LOW HITPOINT WARNING * * *
😨 HP[-3]
You take 3 damage, and now have 23/67 hp.
You hit the wight but do no damage.
The wight hits you but does no damage. x2 😨 HP[+1]
You hit the wight but do no damage. The wight hits you but does no damage.
The wight barely misses you.
You closely miss the wight. Your headbutt misses the wight.
The wight hits you with a +2 short sword.
* * * LOW HITPOINT WARNING * * *
You partially resist.
You feel drained.
The wight hits you but does no damage. 😨 HP[-3]
You now have 66 max hp (-1).
You take 3 damage, and now have 21/66 hp.
You hit the wight.
You headbutt the wight, but do no damage.
The wight hits you with a +2 short sword.
* * * LOW HITPOINT WARNING * * *
The wight hits you from afar with a +4 trident!
* * * LOW HITPOINT WARNING * * *
😱 HP[-17]
You take 17 damage, and now have 4/66 hp.
MASSIVE DAMAGE!! (PAUSE) Blink to where?
Press: ? - help, Q - select action, (/) - cycle Dir - move target
As you read the scroll of blinking {!r}, it crumbles to dust. 😱 HP[+1]
Found a stone staircase leading up.
An orc wizard comes into view. It is wielding a +0 dagger.
The orc wizard shouts!
An orc comes into view. It is wielding a +0 short sword.
An orc warrior comes into view. It is wielding a +0 mace.
The orc warrior shouts!
The orc shouts!
The orc warrior moves out of view. 😱 HP[+1]
An orc priest comes into view.
It is wielding a +0 dagger and wearing a +0 leather armour of fire resistance.
The orc wizard points at you and mumbles some strange words.
You are confused.
You bump into the rock wall.
You're too confused to move!
The orc hits you but does no damage.
The wight hits you from afar with a +4 trident!
You die...

Skill      XL: |  1  2  3  4  5  6  7 |
---------------+----------------------+-----
Axes           | 3 4 5 6 7 |  7.6
Armour         | 4 5 6 |  6.3
Fighting       | 4 5 6 |  6.3
Shields        | 4 5 6 |  6.2

Action                   |  1- 3 |  4- 6 |  7- 9 || total
-------------------------+-------+-------+-------++-------
Melee: War axe           |    66 |   132 |    46 ||   244
       Headbutt          |     6 |    21 |     7 ||    34
       Hand axe          |       |    59 |       ||    59
Throw: Stone             |       |     5 |       ||     5
Evoke: Wand              |       |     1 |       ||     1
  Use: Scroll            |       |    14 |     2 ||    16
Armor: Scale mail        |    29 |    68 |       ||    97
       Plate armour      |       |    32 |    40 ||    72
Dodge: Dodged            |    30 |    86 |    18 ||   134
Block: Buckler           |    13 |    48 |     7 ||    68

Levels and vault maps discovered:
D:1:      dpeg_arrival_simpleton_b, layout_basic, serial_shops,
          nicolae_shop_behind_doors, minmay_misc_feat_x
D:2:      minmay_roachtagon, layout_basic, shapermc_ecumenical_altar_venn,
          serial_shops, shop_statue, nicolae_kite_square_tiling_tiny
D:3:      kennysheep_goblin_castle, layout_basic,
          nicolae_overflow_ecumenical_swirl
D:4:      layout_basic, minmay_temple_entry_statues_pillars,
          kennysheep_generic_room_8
D:5:      layout_gridville
D:6:      layout_cave_pools, jmf_multi_god_temple2, uniq_pikel
Temple:   nicolae_temple_x_marks_the_god

Notes
Turn   | Place    | Note
-------+----------+-------------------------------------------
     0 | D:1      | Sanktem7 the Minotaur Fighter began the quest for the Orb.
     0 | D:1      | Reached XP level 1. HP: 19/19 MP: 0/0
     0 | D:1      | magus.rc [v1.9.6]
   184 | D:1      | Reached XP level 2. HP: 27/27 MP: 1/1
   253 | D:1      | Reached skill level 3 in Axes
   262 | D:1      | Found Qogithru's Assorted Antiques.
   933 | D:2      | Reached skill level 4 in Armour
   933 | D:2      | Reached XP level 3. HP: 24/33 MP: 2/2
   934 | D:2      | Reached skill level 4 in Fighting
  1038 | D:2      | Reached skill level 4 in Shields
  1060 | D:2      | HP: 8/33 [gnoll/+0 whip (5)]
  1062 | D:2      | Reached XP level 4. HP: 10/40 MP: 3/3
  1068 | D:2      | HP: 8/40 [gnoll/+0 spear (3)]
  1347 | D:2      | Reached skill level 4 in Axes
  1405 | D:2      | Found a faded altar of an unknown god.
  1795 | D:2      | Reached XP level 5. HP: 47/47 MP: 4/4
  1899 | D:2      | Found Xuqukez's Armour Shoppe.
  2628 | D:3      | Found a faded altar of an unknown god.
  2633 | D:3      | Found a bloodstained altar of Trog.
  2643 | D:3      | Reached skill level 5 in Axes
  2737 | D:3      | You pick up a book of Minor Magic and begin reading...
  2737 | D:3      | You add the spells Magic Dart, Call Imp and Mephitic Cloud
                  | to your library.
  2939 | D:3      | Noticed Robin
  2955 | D:3      | Killed Robin
  2956 | D:3      | Reached XP level 6. HP: 35/55 MP: 5/5
  3528 | D:1      | Bought a pair of boots for 117 gold pieces
  3783 | D:4      | Identified the +5 sling of the Brain {venom, rF++ Will-
                  | Dex+6}
  3826 | D:4      | Found a staircase to the Ecumenical Temple.
  3833 | Temple   | Entered the Ecumenical Temple
  3937 | D:4      | Reached skill level 5 in Fighting
  3948 | D:4      | Reached skill level 5 in Armour
  3948 | D:4      | Reached skill level 5 in Shields
  4333 | D:5      | Entered Level 5 of the Dungeon
  4463 | D:5      | Reached skill level 6 in Axes
  4463 | D:5      | Reached XP level 7. HP: 52/61 MP: 6/6
  5109 | D:5      | Reached skill level 7 in Axes
  5257 | D:6      | Reached skill level 6 in Fighting
  5257 | D:6      | Reached skill level 6 in Armour
  5257 | D:6      | Reached skill level 6 in Shields
  5281 | D:6      | Reached XP level 8. HP: 40/70 MP: 7/7
  5312 | D:6      | HP: 15/66 [wight/+2 short sword (6)]
  5312 | D:6      | HP: 4/66 [wight/+4 trident (11)]
  5323 | D:6      | Slain by a wight

Vanquished Creatures
  An ice beast (D:6)
  A sky beast (D:6)
  2 black bears (D:5)
  An ogre (D:5)
  A centaur (D:5)
  A bullfrog (D:5)
  A scorpion (D:5)
  A wight (D:6)
  A howler monkey (D:5)
  A hound (D:4)
  2 iguanas
  Robin (D:3)
  7 gnolls
  6 adders
  A shadow imp (D:6)
  2 ufetubi (D:5)
  2 worms
  4 dart slugs
  5 orcs
  14 ball pythons
  8 endoplasms
  13 giant cockroaches
  17 goblins
  10 hobgoblins
  15 jackals
  8 kobolds
  2 quokkas
  6 bats
  5 rats
139 creatures vanquished.

Vanquished Creatures (others)
  An orc wizard (D:3)
1 creature vanquished.

Grand Total: 140 creatures vanquished

Table legend:
 A = Non-vault XP
 B = Vault XP
 C = Vault XP percentage of total XP
 D = Non-vault monster count
 E = Vault monster count
 F = Vault count percentage of total count
                 A         B        C        D         E       F
            +---------+---------+-------+---------+---------+-------
      Total |    1548 |      75 |   4.6 |     108 |      32 |  22.9
            +---------+---------+-------+---------+---------+-------
        D:1 |      35 |       0 |   0.0 |      22 |       0 |   0.0
        D:2 |     156 |      20 |  11.4 |      28 |      10 |  26.3
        D:3 |     129 |      53 |  29.1 |      35 |      21 |  37.5
        D:4 |      88 |       2 |   2.2 |       6 |       1 |  14.3
        D:5 |     743 |       0 |   0.0 |      12 |       0 |   0.0
        D:6 |     397 |       0 |   0.0 |       5 |       0 |   0.0
            +---------+---------+-------+---------+---------+-------

Illustrated notes

Table legend:
 A = Kills in this place as a percentage of kills in entire the game.
 B = Kills by you in this place as a percentage of kills by you in the entire game.
 C = Kills by friends in this place as a percentage of kills by friends in the entire game.
 D = Other kills in this place as a percentage of other kills in the entire game.
 E = Experience gained in this place as a percentage of experience gained in the entire game.
 F = Experience gained in this place divided by the number of levels of this place that you have seen.
                   A       B       C       D       E      F
               +-------+-------+-------+-------+-------+----------------------
         Total | 100.0 | 100.0 |   N/A | 100.0 | 100.0 | 231.9
       Dungeon | 100.0 | 100.0 |   N/A | 100.0 | 100.0 | 270.5
               +-------+-------+-------+-------+-------+----------------------

Table legend: (Time is in decaauts)
 A = Elapsed time spent in this place.
 B = Non-inter-level travel time spent in this place.
 C = Inter-level travel time spent in this place.
 D = Time resting spent in this place.
 E = Time spent auto-exploring this place.
 F = Levels seen in this place.
 G = Mean time per level.
                   A        B        C        D        E       F      G
               +--------+--------+--------+--------+--------+-----+--------+
         Total |   5403 |   4940 |    463 |    427 |   3309 |   7 |  771.9 |
       Dungeon |   5333 |   4870 |    463 |    427 |   3253 |   6 |  888.8 |
        Temple |     69 |     69 |      0 |      0 |     56 |   1 |   69.0 |
               +--------+--------+--------+--------+--------+-----+--------+

Top non-repeatable levels by time:
     D:1: 1421 daAuts
     D:3: 1398 daAuts
     D:2: 978 daAuts
     D:5: 924 daAuts
     D:4: 529 daAuts
     D:6: 81 daAuts
  Temple: 69 daAuts
